[ AOE2 MATCH · #495315764 ]
UnrankedTatars vs Cumans
Player's team · WIN
Rival team · LOSS
[ REPLAY ANALYSIS · EXTRACTED FROM THE RECORDED GAME ]
Feudal
10:45
Castle
—
Imperial
—
| APM avg | 60.4 |
| APM peak | 149 |
| eAPM avg | 21.1 |
| Villagers / military | 24 / 8 |
Focus
⚔️ 36.6% · 🌾 63.4%
Militia ×8
Feudal
9:49
Castle
—
Imperial
—
| APM avg | 53.1 |
| APM peak | 146 |
| eAPM avg | 12.7 |
| Villagers / military | 22 / 0 |
Focus
⚔️ 35.0% · 🌾 65.0%
Match map
Initial resources + every placement click. Lines = walls · curves = elevation contours. ◆ gold · ⬟ stone · ● berries · ✦ relic · ◌ wall gap
Your base· Open — 12t gap
Talentless's base· Open — 14t gap
Smoothed initial terrain · ◌ = detected wall gap · hover for details
Inputs per minute
— HR | Nasho9 - - Talentless
Build order — HR | Nasho9
47 actions detected in the replay
| 0:48 | Build | Town Center |
| 1:48 | Queue | Villager (Male) |
| 1:48 | Queue | Villager (Male) |
| 1:48 | Queue | Villager (Male) |
| 1:50 | Queue | Villager (Male) |
| 2:35 | Queue | Villager (Male) |
| 3:11 | Queue | Villager (Male) |
| 3:17 | Research | Loom |
| 3:17 | Queue | Villager (Male) |
| 3:41 | Queue | Villager (Male) |
| 4:27 | Queue | Villager (Male) |
| 4:28 | Queue | Villager (Male) |
| 4:29 | Queue | Villager (Male) |
| 4:36 | Queue | Villager (Male) |
| 4:37 | Queue | Villager (Male) |
| 4:51 | Build | Mill |
| 4:53 | Queue | Villager (Male) |
| 4:53 | Queue | Villager (Male) |
| 5:31 | Queue | Villager (Male) |
| 5:37 | Build | Lumber Camp |
| 6:08 | Queue | Villager (Male) |
| 6:24 | Queue | Villager (Male) |
| 6:35 | Queue | Villager (Male) |
| 6:35 | Queue | Villager (Male) |
| 6:48 | Build | House |
| 7:10 | Queue | Villager (Male) |
| 7:44 | Build | House |
| 8:15 | Build | Barracks |
| 8:24 | Research | Feudal Age |
| 9:05 | Build | Mining Camp |
| 9:10 | Queue | Militia |
| 9:13 | Build | House |
| 9:30 | Queue | Militia |
| 9:32 | Queue | Militia |
| 10:16 | Queue | Militia |
| 10:24 | Build | House |
| 10:40 | Queue | Militia |
| 10:45 | Age | Feudal Age |
| 10:46 | Research | Man-at-Arms (upgrade) |
| 10:52 | Build | House |
| 10:56 | Queue | Villager (Male) |
| 11:00 | Build | House |
| 11:27 | Queue | Militia |
| 11:43 | Queue | Militia |
| 11:54 | Queue | Villager (Male) |
| 11:54 | Queue | Villager (Male) |
| 12:04 | Queue | Militia |
Build order — Talentless
35 actions detected in the replay
| 0:02 | Build | Town Center |
| 1:07 | Queue | Villager (Male) |
| 1:07 | Queue | Villager (Male) |
| 1:07 | Queue | Villager (Male) |
| 1:11 | Research | Loom |
| 1:12 | Queue | Villager (Male) |
| 1:21 | Queue | Villager (Male) |
| 1:42 | Queue | Villager (Male) |
| 1:42 | Queue | Villager (Male) |
| 2:07 | Queue | Villager (Male) |
| 2:32 | Build | Lumber Camp |
| 3:00 | Queue | Villager (Male) |
| 3:09 | Queue | Villager (Male) |
| 4:28 | Queue | Villager (Male) |
| 4:28 | Queue | Villager (Male) |
| 4:54 | Queue | Villager (Male) |
| 5:00 | Build | Mill |
| 5:11 | Build | Mill |
| 5:41 | Queue | Villager (Male) |
| 5:57 | Queue | Villager (Male) |
| 5:57 | Queue | Villager (Male) |
| 6:42 | Queue | Villager (Male) |
| 7:39 | Research | Feudal Age |
| 8:59 | Build | House |
| 9:24 | Build | House |
| 9:45 | Queue | Villager (Male) |
| 9:45 | Queue | Villager (Male) |
| 9:45 | Queue | Villager (Male) |
| 9:49 | Age | Feudal Age |
| 9:55 | Build | Town Center |
| 10:11 | Queue | Villager (Male) |
| 10:34 | Queue | Villager (Male) |
| 11:29 | Build | Town Center |
| 11:35 | Build | Palisade Wall |
| 11:36 | Build | Palisade Wall |
Match timeline
| 8:15 | HR | Nasho9 · first_building Barracks |
| 9:49 | Talentless · age_up feudal |
| 10:45 | HR | Nasho9 · age_up feudal |
| 11:35 | Talentless · wall_segment Palisade Wall x1 |
| 11:36 | Talentless · wall_segment Palisade Wall x1 |
| 12:06 | Talentless · resign |
[ AI ANALYSIS · 1 CREDIT ]
What really happened in this match?
Wolo.gg analyzes every decision: build order, eco, micro, common mistakes by bracket. Personalized analysis on WhatsApp or Discord in 30 seconds.
Civ guide
Tatars
Perfil
Jugador #316458